 Dungeon Crawl Stone Soup version 0.28-a0-779-g3d1f99b579 (webtiles) character file.

Game seed: 9523864685462523429

642 kae the Chopper (level 7, 0/61 HPs)
             Began as a Hill Orc Cinder Acolyte on Nov 2, 2021.
             Was a High Priest of Ignis.
             Slain by a centaur (5 damage)
             ... on level 5 of the Dungeon.
             The game lasted 00:04:27 (6906 turns).

kae the Chopper (Hill Orc Cinder Acolyte)           Turns: 6906, Time: 00:04:28

Health: 0/61       AC:  3    Str: 17      XL:     7   Next: 51%
Magic:  3/11       EV: 11    Int: 13 (14) God:    Ignis [*****.]
Gold:   218        SH:  0    Dex:  6      Spells: 9/11 levels left

rFire   + . .      SeeInvis .   a - -1 hand axe (flame)
rCold   . . .      Faith    .   (no shield)
rNeg    . . .      Spirit   .   b - +0 robe
rPois   .          Reflect  .   (helmet restricted)
rElec   .          Harm     .   (no cloak)
rCorr   .          Rampage  .   j - +0 pair of gloves
Will    .....                   (no boots)
Stlth   +.........              (no amulet)
HPRegen 0.20/turn               (no ring)
MPRegen 0.12/turn               (no ring)

@: no status effects
A: beak, deterioration 1, weak 1
a: Renounce Religion, Sea of Fire, Foxfire Swarm, Rising Flame


You were on level 5 of the Dungeon.
You worshipped Ignis.
Ignis was extremely pleased with you.
You visited 1 branch of the dungeon, and saw 6 of its levels.

You collected 218 gold pieces.

Inventory:

Hand Weapons
 a - a -1 hand axe of flaming (weapon)
Armour
 b - a +0 robe (worn)
 j - a +0 pair of gloves (worn)
Jewellery
 d - a ring of ice
Wands
 l - a wand of flame (14)
Scrolls
 c - a scroll of blinking
 e - a scroll of teleportation
 m - 2 scrolls of identify {unknown}
 n - a scroll of immolation {unknown}
 p - 2 scrolls of enchant armour {unknown}


   Skills:
 + Level 5.5 Fighting
 * Level 7.7 Axes
 + Level 2.7 Spellcasting
 + Level 5.0 Fire Magic


You had 9 spell levels left.
You knew the following spells:

 Your Spells              Type           Power      Damage    Failure   Level
a - Scorch                Fire           30%        2d6       4%          2

Your spell library contained the following spells:

 Spells                   Type           Power      Damage    Failure   Level
 Shock                    Conj/Air       4%         1d3       24%         1
 Frozen Ramparts          Ice            2%         1d2       56%         3
 Gell's Gravitas          Tloc           1%         N/A       56%         3
 Lesser Beckoning         Tloc           1%         N/A       56%         3
 Swiftness                Air            1%         N/A       56%         3
 Teleport Other           Tloc           1%         N/A       56%         3
 Airstrike                Air            0%         N/A       93%         4
 Animate Armour           Summ/Erth      2%         N/A       93%         4
 Ice Form                 Ice/Tmut       1%         N/A       93%         4
 Summon Ice Beast         Ice/Summ       1%         N/A       93%         4
 Blade Hands              Tmut           0%         N/A       100%        5
 Iron Shot                Conj/Erth      0%         9d1       100%        6


Dungeon Overview and Level Annotations

Branches:
Dungeon (6/15)             Temple (0/1) D:5

Altars:
Kikubaaqudgha
Okawaru
Qazlal
Ru
The Shining One

Shops:
D:1 !   D:5 [**

Annotations:
D:6 Maggie


Innate Abilities, Weirdness & Mutations

You have a beak for a mouth.
Your body sometimes deteriorates upon taking damage.
You are weak. (Str -2)


Message History

The wyvern skeleton barely misses you.
You hit the wyvern skeleton. You burn the wyvern skeleton.
The wyvern skeleton is almost destroyed.
The centaur shoots an arrow.
The arrow hits you! The wyvern skeleton closely misses you.
The centaur shoots an arrow.
The arrow barely misses you.
The centaur unwields a +0 shortbow.
The centaur barely misses you. The centaur kicks you.
* * * LOW HITPOINT WARNING * * *
You hit the centaur. You burn the centaur. Your peck misses the centaur.
The centaur is lightly wounded.
You hit the wyvern skeleton. You burn the wyvern skeleton.
The wyvern skeleton barely misses you. The centaur barely misses you.
The centaur closely misses you.
You barely miss the centaur. You peck the centaur, but do no damage.
The centaur is lightly wounded.
You hit the wyvern skeleton. You burn the wyvern skeleton.
You destroy the wyvern skeleton!
The centaur hits you.
* * * LOW HITPOINT WARNING * * *
The centaur barely misses you. The centaur closely misses you. x2
You hit the centaur. You burn the centaur.
The centaur is moderately wounded.
The centaur hits you but does no damage.
The centaur barely misses you.
You barely miss the centaur. Your peck misses the centaur.
The centaur is moderately wounded.
The centaur hits you.
* * * LOW HITPOINT WARNING * * *
The centaur misses you. The centaur hits you.
* * * LOW HITPOINT WARNING * * *
The centaur kicks you.
* * * LOW HITPOINT WARNING * * *
Casting: Scorch (safe; 4% risk of failure)
Confirm with . or Enter, or press ? or * to list all spells.
Flames lash the centaur.
The centaur is moderately wounded.
The centaur's fire resistance burns away.
The centaur hits you.
You die...

#..##.. #..#### # #..# . ##.#
#..#### ##... ###. . .#
#...... #...# #.#.# #
.#..####...### #...
.##.#.#.##..........## #
#..###..#.#.#c.###.####..# ##
#..#...#.#.#@#...#.# ##.###l
#..###..#.#.#†.###.# #).... ##
#.....##.#.#.##....# ##....
.####...#.# #.#.#?#s#..# #####
.)†....)..###...###....######
)####..###...#.#...###......##
.# ##.###.#.#(#.#.###.......##
†# #..##...###...##...####..##
.# ##.................# ##..##


You could see a centaur (combustible).

Vanquished Creatures
  A centaur (D:5)
  A scorpion (D:5)
  A wyvern skeleton (D:5)
  3 hounds
  A bullfrog zombie (D:5)
  A centaur skeleton (D:5)
  A jelly (D:4)
  An orc priest (D:5)
  2 iguanas
  An orc wizard (D:5)
  2 gnolls (D:3)
  7 adders
  A worm (D:5)
  4 orcs (D:5)
  8 bats
  6 endoplasms
  A giant cockroach (D:2)
  7 goblins
  12 hobgoblins
  A kobold (D:3)
  5 quokkas
  7 ball pythons
  A frilled lizard (D:1)
  11 rats
86 creatures vanquished.

Vanquished Creatures (others)
  32 plants (D:3)
32 creatures vanquished.

Grand Total: 118 creatures vanquished

Notes
Turn   | Place    | Note
-------+----------+-------------------------------------------
     0 | D:1      | kae the Hill Orc Cinder Acolyte began the quest for the
                  | Orb.
     0 | D:1      | Reached XP level 1. HP: 19/19 MP: 2/2
    34 | D:1      | Found Ulumov's Distillery.
   214 | D:1      | Reached XP level 2. HP: 9/27 MP: 3/3
  1645 | D:2      | Reached XP level 3. HP: 31/33 MP: 4/4
  1648 | D:2      | Learned a level 2 spell: Scorch
  3178 | D:3      | Reached skill level 5 in Axes
  3178 | D:3      | Reached XP level 4. HP: 40/40 MP: 3/6
  3592 | D:3      | Found a glowing golden altar of the Shining One.
  3756 | D:3      | Found an iron altar of Okawaru.
  3759 | D:3      | Found a sacrificial altar of Ru.
  3762 | D:3      | Found a stormy altar of Qazlal.
  3765 | D:3      | Found an ancient bone altar of Kikubaaqudgha.
  3789 | D:3      | Found a faded altar of an unknown god.
  4417 | D:3      | Reached XP level 5. HP: 29/47 MP: 2/7
  4664 | D:4      | Identified the +6 whip of Theory {elec, Fly rPois rF+ rC+}
  5283 | D:4      | Reached skill level 6 in Axes
  5486 | D:5      | Entered Level 5 of the Dungeon
  5510 | D:5      | Reached XP level 6. HP: 39/55 MP: 1/9
  5676 | D:5      | Found a staircase to the Ecumenical Temple.
  5836 | D:5      | Found Saolust's Armour Shop.
  6079 | D:5      | Found Wapole's General Store.
  6079 | D:5      | Found Zung's Specific Store.
  6271 | D:5      | Reached skill level 5 in Fighting
  6467 | D:5      | Noticed a komodo dragon
  6481 | D:6      | Noticed Maggie
  6481 | D:6      | Noticed a sky beast
  6489 | D:6      | Gained mutation: You are weak. (Str -2) [potion of
                  | mutation]
  6489 | D:6      | Gained mutation: Your body sometimes deteriorates upon
                  | taking damage. [potion of mutation]
  6489 | D:6      | Gained mutation: You have a beak for a mouth. [potion of
                  | mutation]
  6577 | D:5      | Reached skill level 7 in Axes
  6577 | D:5      | Reached XP level 7. HP: 54/61 MP: 5/10
  6896 | D:5      | Reached skill level 5 in Fire Magic
  6906 | D:5      | Slain by a centaur

Illustrated notes

Levels and vault maps discovered:
D:1:      dpeg_arrival_tiny_h, layout_basic, serial_shops,
          nicolae_shop_window_shopping
D:2:      layout_basic
D:3:      wad_woods_tower, layout_basic, grunt_temple_overflow_cloverleaf,
          tso_altar, basic_ecumenical_altar
D:4:      layout_basic, minmay_misc_feat_iff
D:5:      layout_layer_cave, temple_green, grunt_decor_one_mirror,
          nicolae_specific_store, nicolae_stop_n_shop_1,
          hellmonk_bongcloud_opening, minmay_starry_boxes
D:6:      layout_rooms, uniq_menkaure, uniq_maggie

Skill      XL: |  1  2  3  4  5  6  7 |
---------------+----------------------+-----
Fighting       | 4 5 |  5.5
Axes           | 5 6 7 |  7.7
Fire Magic     | 4 5 |  5.0
Spellcasting   | 2 |  2.7

Action                   |  1- 3 |  4- 6 |  7- 9 || total
-------------------------+-------+-------+-------++-------
Melee: Hand axe          |   110 |    75 |    20 ||   205
       Peck              |       |       |     3 ||     3
 Cast: Scorch            |    21 |    48 |    11 ||    80
Evoke: Wand              |       |     1 |       ||     1
  Use: Scroll            |     4 |     2 |       ||     6
       Potion            |       |     6 |       ||     6
Armor: Robe              |    38 |    23 |     6 ||    67
       Skin              |       |     2 |       ||     2
Dodge: Dodged            |    55 |    89 |    41 ||   185

Table legend: (Time is in decaauts)
 A = Elapsed time spent in this place.
 B = Non-inter-level travel time spent in this place.
 C = Inter-level travel time spent in this place.
 D = Time resting spent in this place.
 E = Time spent auto-exploring this place.
 F = Levels seen in this place.
 G = Mean time per level.
                   A        B        C        D        E       F      G
               +--------+--------+--------+--------+--------+-----+--------+
         Total |   6915 |   6752 |    163 |    720 |   5189 |   6 | 1152.5 |
       Dungeon |   6915 |   6752 |    163 |    720 |   5189 |   6 | 1152.5 |
               +--------+--------+--------+--------+--------+-----+--------+

Top non-repeatable levels by time:
     D:1: 1628 daAuts
     D:3: 1593 daAuts
     D:5: 1376 daAuts
     D:4: 1191 daAuts
     D:2: 1085 daAuts
     D:6: 40 daAuts
